 Dungeon Crawl Stone Soup version 0.28.0 (webtiles) character file.

Game seed: 1368549444169194120

75 Armakuni the Magician (level 4, -2/30 HPs)
             Began as a Human Hedge Wizard on Feb 13, 2022.
             Slain by a worm (9 damage)
             ... on level 2 of the Dungeon.
             The game lasted 00:04:42 (2200 turns).

Armakuni the Magician (Human Hedge Wizard)          Turns: 2200, Time: 00:04:43

Health: -2/30      AC:  3    Str: 12    XL:     4   Next: 55%
Magic:  5/8        EV: 12    Int: 15    God:
Gold:   86         SH:  0    Dex: 12    Spells: 3/9 levels left

rFire   . . .      SeeInvis .   a - +2 dagger (venom)
rCold   . . .      Faith    .   (no shield)
rNeg    . . .      Spirit   .   b - +0 robe
rPois   .          Reflect  .   c - +0 hat
rElec   .          Harm     .   (no cloak)
rCorr   .          Rampage  .   k - +0 pair of gloves
Will    .....                   (no boots)
Stlth   ++........              (no amulet)
HPRegen 0.10/turn               (no ring)
MPRegen 0.11/turn               (no ring)

@: no status effects
A: no striking features
a: no special abilities


You were on level 2 of the Dungeon.
You visited 1 branch of the dungeon, and saw 2 of its levels.

You collected 86 gold pieces.

Inventory:

Hand Weapons
 a - a +2 dagger of venom (weapon)
 d - a +0 dagger
 i - a +0 quarterstaff
 n - a +1 mace of holy wrath
Armour
 b - a +0 robe (worn)
 c - a +0 hat (worn)
 f - a +0 leather armour
 g - a +0 ring mail
 k - a +0 pair of gloves (worn)
 p - the +2 chain mail of Pessimism {Harm rElec Will+ Slay+3}
   (You found it on level 2 of the Dungeon)

   Slay:      It affects your accuracy & damage with ranged weapons and melee
   (+3).
   rElec:     It insulates you from electricity.
   Harm:      It increases damage dealt and taken.
   Will:      It increases your willpower.
Wands
 o - a wand of mindburst (9)
Scrolls
 j - a scroll of teleportation {unknown}
 m - a scroll of vulnerability {unknown}
Potions
 e - a potion of degeneration {unknown}
 h - a potion of mutation {unknown}
 l - a potion of heal wounds {unknown}


   Skills:
 - Level 2.0 Dodging
 - Level 2.0 Stealth
 - Level 3.0 Spellcasting
 - Level 2.8 Conjurations
 - Level 1.0 Summonings
 - Level 1.0 Translocations
 + Level 1.6 Air Magic
 + Level 1.7 Poison Magic


You had 3 spell levels left.
You knew the following spells:

 Your Spells              Type           Power      Damage    Failure   Level
a - Magic Dart            Conj           40%        1d5       6%          1
b - Blink                 Tloc           10%        N/A       21%         2
c - Mephitic Cloud        Conj/Pois/Air  8%         N/A       26%         3

Your spell library contained the following spells:

 Spells                   Type           Power      Damage    Failure   Level
 Slow                     Hex            8%         N/A       21%         1
 Call Imp                 Summ           5%         N/A       21%         2
 Conjure Flame            Conj/Fire      6%         6-21      32%         3


Dungeon Overview and Level Annotations

Branches:
Dungeon (2/15)

Altars:


Message History

You kill the endoplasm!
A worm comes into view.
A worm is nearby!
Unknown command.
Your magical contamination has completely faded away.
Things that are here:
a +0 club; a goblin corpse You see here a +0 dagger.
You start resting.
Magic restored.
You start resting.
A worm is nearby!
You start resting.
A worm is nearby!
Aiming: Magic Dart (safe; 6% risk of failure)
Press: ? - help, Q - select action, (/) - cycle Shift-Dir - straight line, f - worm
Aim: a worm (wandering, hasn't noticed you, 100% to hit)
Okay, then.
Casting: Magic Dart (safe; 6% risk of failure)
Confirm with . or Enter, or press ? or * to list all spells.
The spell is quite dangerous to miscast (26% risk of failure)!
Continue anyway?
Aiming: Mephitic Cloud (quite dangerous; 26% risk of failure)
Press: ? - help, Shift-Dir - straight line, f - worm
Aim: a worm (wandering, hasn't noticed you, chance to affect: 81%)
The ball explodes into a vile cloud!
The stinking cloud engulfs the worm but does no damage.
The worm is engulfed in noxious fumes.
You are too injured to fight recklessly!
You hit the worm.
The worm is moderately wounded.
You hit the worm.
The worm is heavily wounded.
You hit the worm.
The worm is heavily wounded.
The worm bites you.
* * * LOW HITPOINT WARNING * * *
You hit the worm.
The worm is poisoned.
The worm is almost dead.
The worm bites you!
You die...

##### #....# #.
....###....# #.
....#.'....# ### #.
....#.#....############.#
#.
#...#.#....'............#
#.
#...#.#....############.#
##
..).#.####............#.#
# ....#.#
#.######..##.#.# #
#..##.# #.#...w@...#.#.#
# ...##.#
#.#.####.###.#.#
w..##.####.#.# #.....#[#
..###......#.# #######.#
### ########.# #.# # #.#
#.######### # #.#
#.......... #.#
###########
############.#


You could see a worm (very poisoned).

Vanquished Creatures
  4 adders (D:2)
  3 bats
  3 endoplasms
  7 goblins
  4 hobgoblins
  2 quokkas
  6 ball pythons
  2 kobolds (D:1)
  6 rats
37 creatures vanquished.

Vanquished Creatures (others)
  4 fungi (D:2)
4 creatures vanquished.

Grand Total: 41 creatures vanquished

Notes
Turn   | Place    | Note
-------+----------+-------------------------------------------
     0 | D:1      | Armakuni the Human Hedge Wizard began the quest for the
                  | Orb.
     0 | D:1      | Reached XP level 1. HP: 13/13 MP: 4/4
   304 | D:1      | Reached XP level 2. HP: 11/19 MP: 1/6
  1177 | D:1      | Learned a level 2 spell: Blink
  1261 | D:2      | Reached XP level 3. HP: 24/24 MP: 4/7
  1390 | D:2      | Found a faded altar of an unknown god.
  1475 | D:2      | Learned a level 3 spell: Mephitic Cloud
  1635 | D:2      | Reached skill level 1 in Air Magic
  1635 | D:2      | Reached skill level 1 in Poison Magic
  2029 | D:2      | Reached XP level 4. HP: 27/30 MP: 8/8
  2089 | D:2      | Identified the +2 chain mail of Pessimism {Harm rElec Will+
                  | Slay+3}
  2200 | D:2      | Slain by a worm

Illustrated notes

Levels and vault maps discovered:
D:1:      minmay_arrival_stair_chambers, layout_basic
D:2:      layout_basic, shapermc_ecumenical_altar_gd, minmay_pentomino_pile

Skill      XL: |  1  2  3 |
---------------+----------+-----
Conjurations   | 2 |  2.8
Air Magic      | 1 |  1.6
Poison Magic   | 1 |  1.7
Dodging        | |  2.0
Stealth        | |  2.0
Spellcasting   | |  3.0
Summonings     | |  1.0
Translocations | |  1.0

Action                   |  1- 3 |  4- 6 || total
-------------------------+-------+-------++-------
Melee: Dagger            |    34 |    28 ||    62
       Punch             |       |     1 ||     1
 Cast: Magic Dart        |    48 |     6 ||    54
       Mephitic Cloud    |       |     1 ||     1
Armor: Robe              |     8 |     5 ||    13
Dodge: Dodged            |    21 |    11 ||    32
